[Event "Titled Tuesday Blitz May 11 2021"]
[White "Pile, Richard"]
[Black "Petrovskyi, Vadym"]
[WhiteFideId "624110"]
[BlackFideId "14165210"]
[WhiteElo "2376"]
[BlackElo "2219"]
[Result "1-0"]
[Round "04"]
[TimeControl "180+1"]
[Date "2021.05.11"]
[WhiteClock "0:00:36"]
[BlackClock "0:00:25"]

1. e4 c5 2. Nf3 d6 3. c3 Nf6 4. h3 e6 5. Bd3 Nc6 6. Bc2 Be7 7. O-O O-O 8. Re1 e5 9. d4 cxd4 10. cxd4 Bd7 11. Nc3 Rc8 12. d5 Nb4 13. Bb1 b5 14. Be3 a5 15. Nd2 Re8 16. a4 bxa4 17. Nxa4 Rb8 18. Nc3 Qc7 19. Nb3 Ra8 20. Qe2 Reb8 21. Rc1 Qd8 22. Nd2 g6 23. Nc4 Nh5 24. Qd2 f6 25. b3 g5 26. Na4 Ra6 27. Bd3 Nxd3 28. Qxd3 Bb5 29. Nc3 Be8 30. Nxe5 fxe5 31. Qxa6 Rxb3 32. Rab1 Rb4 33. Rxb4 axb4 34. Nb5 Qd7 35. Rc8 Kf7 36. Nc7 Nf6 37. Nxe8 Nxe8 38. Qc6 Qxc6 39. dxc6 b3 40. Rb8 Nf6 41. c7 1-0


[Site "https://www.chess.com"]

[Event "Titled Tuesday Blitz May 11 2021"]
[White "Praggnanandhaa R"]
[Black "Molina, Roberto Junio Brito"]
[WhiteFideId "25059530"]
[BlackFideId "2109450"]
[WhiteElo "2555"]
[BlackElo "2402"]
[Result "1-0"]
[Round "04"]
[TimeControl "180+1"]
[Date "2021.05.11"]
[WhiteClock "0:00:12"]
[BlackClock "0:00:28"]

1. Nf3 d5 2. e3 c6 3. c4 Nf6 4. d4 Bf5 5. Nc3 e6 6. Nh4 Bg4 7. Qb3 Qc7 8. h3 Bh5 9. g4 Bg6 10. Nxg6 hxg6 11. Bg2 Nbd7 12. Bd2 Be7 13. Rc1 Qb6 14. c5 Qxb3 15. axb3 a6 16. f4 Bd8 17. b4 Bc7 18. Ra1 O-O 19. Ke2 Nh7 20. h4 f6 21. g5 Kf7 22. Raf1 Rfe8 23. Kd1 f5 24. Bf3 Nhf8 25. Kc2 Ra7 26. Ra1 Raa8 27. Ne2 Ra7 28. Nc1 Raa8 29. Nd3 Rab8 30. Rh2 Ra8 31. Be2 Reb8 32. Bc3 Rc8 33. Nc1 Rd8 34. Nb3 Re8 35. Rah1 Reb8 36. Ra1 Rc8 37. Rhh1 Rd8 38. Ra4 Re8 39. Rha1 Rab8 40. Na5 Bxa5 41. bxa5 Rbc8 42. Rb4 Rc7 43. Ra3 Re7 44. Rab3 Nb8 45. Be1 Ke8 46. h5 gxh5 47. g6 Kd7 48. Rxb7 Rxb7 49. Rxb7+ 1-0


[Site "https://www.chess.com"]

[Event "Titled Tuesday Blitz May 11 2021"]
[White "Salinas Herrera, Pablo"]
[Black "Kovalev, Vladislav"]
[WhiteFideId "3407128"]
[BlackFideId "13504398"]
[WhiteElo "2541"]
[BlackElo "2573"]
[Result "1-0"]
[Round "04"]
[TimeControl "180+1"]
[Date "2021.05.11"]
[WhiteClock "0:00:07"]
[BlackClock "0:00:13"]

1. d4 Nf6 2. Bf4 d5 3. e3 c5 4. Nf3 e6 5. Nbd2 Bd6 6. c3 Qc7 7. Bxd6 Qxd6 8. Ne5 Nbd7 9. f4 b6 10. Bd3 Bb7 11. Qf3 Rc8 12. g4 h6 13. h4 Qe7 14. g5 Nxe5 15. fxe5 Ne4 16. gxh6 Nxd2 17. Kxd2 Rxh6 18. h5 Kd7 19. Rag1 f5 20. exf6 Rxf6 21. Qg4 Rf2+ 22. Kc1 cxd4 23. Qxd4 Rf7 24. Rg6 Rcf8 25. Qe5 Rf6 26. Rhg1 Rxg6 27. Rxg6 Rf6 28. Qb8 Kc6 29. a4 Rxg6 30. Bb5+ Kc5 31. b4# 1-0


[Site "https://www.chess.com"]

[Event "Titled Tuesday Blitz May 11 2021"]
[White "Sarana, Alexey"]
[Black "Belous, Vladimir"]
[WhiteFideId "24133795"]
[BlackFideId "4174003"]
[WhiteElo "2629"]
[BlackElo "2583"]
[Result "0-1"]
[Round "04"]
[TimeControl "180+1"]
[Date "2021.05.11"]
[WhiteClock "0:00:02"]
[BlackClock "0:00:35"]

1. e4 c5 2. Nf3 Nc6 3. d4 cxd4 4. Nxd4 e5 5. Nb5 d6 6. N1c3 a6 7. Na3 b5 8. Nd5 Nce7 9. c4 Nxd5 10. cxd5 f5 11. exf5 Bxf5 12. Nc2 Nf6 13. Ne3 Bd7 14. Bd3 Be7 15. O-O O-O 16. Bd2 Qb6 17. a3 Kh8 18. Bc3 a5 19. Qd2 Nh5 20. g3 Bg5 21. Kg2 Nf6 22. Bc2 b4 23. axb4 axb4 24. Rxa8 Rxa8 25. Bxb4 Bxe3 26. fxe3 Nxd5 27. Be4 Nxe3+ 28. Qxe3 Qxe3 29. Bxa8 h5 30. Rf2 Bh3+ 31. Kxh3 Qxf2 32. Bxd6 Qf5+ 33. Kg2 e4 34. Bf4 g5 35. Bd2 Qf3+ 36. Kh3 Qg4+ 0-1


[Site "https://www.chess.com"]

[Event "Titled Tuesday Blitz May 11 2021"]
[White "Sasikiran, Krishnan"]
[Black "Oliveira, Silvio Eduardo"]
[WhiteFideId "5004985"]
[BlackFideId "2111560"]
[WhiteElo "2552"]
[BlackElo "2302"]
[Result "1/2-1/2"]
[Round "04"]
[TimeControl "180+1"]
[Date "2021.05.11"]
[WhiteClock "0:00:05"]
[BlackClock "0:00:25"]

1. e4 e5 2. Nf3 Nc6 3. Bb5 Nf6 4. d3 d6 5. O-O g6 6. c3 Bg7 7. Re1 O-O 8. Nbd2 a6 9. Ba4 Re8 10. h3 h6 11. Nf1 b5 12. Bc2 a5 13. Ng3 Rb8 14. d4 exd4 15. cxd4 Nb4 16. Bb1 c5 17. d5 Nh7 18. a3 Na6 19. Ra2 a4 20. Be3 Ng5 21. Nxg5 hxg5 22. Qc1 g4 23. hxg4 Bxg4 24. Bg5 Bf6 25. Bh6 c4 26. Bc2 Nc5 27. Qf4 Bd7 28. Qxd6 Bd4 29. Be3 Rb6 30. Qf4 Rf6 31. Qh4 Bxe3 32. Rxe3 Re5 33. f4 g5 34. fxg5 Rg6 35. Nf5 Qb6 36. Qf2 Nd3 37. Bxd3 cxd3 38. Rxd3 Qxf2+ 39. Kxf2 Bxf5 40. exf5 Rxf5+ 41. Ke3 Rd6 42. Ke4 Rxg5 43. b3 f6 44. bxa4 Re5+ 45. Kf3 Rexd5 46. Rxd5 Rxd5 47. a5 Rd4 48. Rb2 Ra4 49. Rxb5 Rxa3+ 50. Kf4 Kf7 51. g4 Kg6 52. Rc5 Ra4+ 53. Kf3 Ra3+ 54. Ke4 Ra4+ 55. Kf3 Ra3+ 56. Kf4 Ra4+ 57. Kg3 Ra3+ 58. Kh4 Ra1 59. Rc7 Rh1+ 60. Kg3 Rg1+ 61. Kf3 Ra1 62. Ra7 Ra3+ 63. Kf4 Ra4+ 64. Kg3 Ra3+ 65. Kh4 Ra1 66. Ra8 Rh1+ 67. Kg3 Rg1+ 68. Kf3 Rf1+ 69. Kg2 Ra1 70. a6 Kg7 71. Kg3 Kg6 72. a7 Kg7 73. Kf4 Ra4+ 74. Kf5 Ra6 75. Ke4 Ra5 76. Kd4 Ra4+ 77. Kc5 Ra1 78. Kb6 Rb1+ 79. Kc7 Rc1+ 80. Kd7 Rd1+ 81. Kc6 Rc1+ 82. Kd5 1/2-1/2


[Site "https://www.chess.com"]

[Event "Titled Tuesday Blitz May 11 2021"]
[White "Seo, Jung Min"]
[Black "Bellahcene, Bilel"]
[WhiteFideId "1734687"]
[BlackFideId "696358"]
[WhiteElo "2486"]
[BlackElo "2493"]
[Result "1-0"]
[Round "04"]
[TimeControl "180+1"]
[Date "2021.05.11"]
[WhiteClock "0:00:50"]
[BlackClock "0:00:02"]

1. e4 c5 2. Nc3 a6 3. Nf3 d6 4. d4 cxd4 5. Nxd4 Nf6 6. Be3 e5 7. Nb3 Be6 8. Qd2 Nbd7 9. f3 h5 10. Be2 Be7 11. O-O h4 12. Nd5 Nxd5 13. exd5 Bf5 14. Na5 Qc7 15. c4 h3 16. g3 O-O 17. b4 Rac8 18. Rac1 Bg6 19. Nb3 b6 20. Rfd1 Rfe8 21. c5 bxc5 22. bxc5 Ra8 23. cxd6 Qxd6 24. Rc6 Qa3 25. d6 Bf8 26. Qa5 Qb2 27. Rd2 Qb1+ 28. Rc1 Qf5 29. Nc5 e4 30. g4 Qf6 31. Nxd7 Qh4 32. Bg5 Qh7 33. Ne5 exf3 34. Bxf3 Be4 35. d7 Bxf3 36. Nxf3 Qe4 37. Qf5 1-0


[Site "https://www.chess.com"]

[Event "Titled Tuesday Blitz May 11 2021"]
[White "Shipov, Sergei"]
[Black "Zubov, Alexander"]
[WhiteFideId "4113624"]
[BlackFideId "14109409"]
[WhiteElo "2748"]
[BlackElo "2740"]
[Result "1-0"]
[Round "04"]
[TimeControl "180+1"]
[Date "2021.05.11"]
[WhiteClock "0:00:06"]
[BlackClock "0:00:02"]

1. d4 Nf6 2. c4 e6 3. Nc3 Bb4 4. Qc2 d5 5. a3 Bxc3+ 6. Qxc3 c5 7. dxc5 d4 8. Qc2 e5 9. e3 Nc6 10. b4 O-O 11. Nf3 Re8 12. Bb2 Bg4 13. O-O-O Qc7 14. Be2 d3 15. Rxd3 e4 16. Rd6 exf3 17. gxf3 Bh5 18. Rg1 Bg6 19. Qc3 Re6 20. f4 Rxd6 21. cxd6 Qxd6 22. f5 Qxh2 23. Qe1 Bxf5 24. Bxf6 Bg6 25. Bc3 Rd8 26. Bf3 Ne5 27. Be2 Nd3+ 28. Bxd3 Rxd3 29. Kb2 Qc7 30. Rg4 h5 31. Rf4 Qd7 32. Qe2 Qe6 33. Qf3 Rd7 34. Qe2 b6 35. Qf3 Rc7 36. Qa8+ Kh7 37. Qf8 f6 38. Rd4 Qf5 39. e4 Qxf2+ 40. Rd2 Qe3 41. Rd8 Bxe4 42. Qg8+ Kg6 43. Qe8+ Kg5 44. Bd2 1-0


[Site "https://www.chess.com"]

[Event "Titled Tuesday Blitz May 11 2021"]
[White "Ten Hertog, Hugo"]
[Black "Kamsky, Gata"]
[WhiteFideId "1026356"]
[BlackFideId "2000024"]
[WhiteElo "2493"]
[BlackElo "2644"]
[Result "0-1"]
[Round "04"]
[TimeControl "180+1"]
[Date "2021.05.11"]
[WhiteClock "0:00:08"]
[BlackClock "0:00:13"]

1. e4 c5 2. Nc3 Nc6 3. Bb5 Nd4 4. Bc4 g6 5. Nge2 Bg7 6. O-O d6 7. Nxd4 cxd4 8. Ne2 e6 9. d3 Ne7 10. Bf4 O-O 11. Qd2 d5 12. Bb3 dxe4 13. dxe4 Nc6 14. Rad1 Re8 15. Bh6 e5 16. Bxg7 Kxg7 17. f4 Bg4 18. Bd5 f6 19. fxe5 Nxe5 20. Nxd4 Bxd1 21. Rxd1 Qb6 22. c3 Rad8 23. Kh1 f5 24. Qg5 fxe4 25. Nf5+ Kh8 26. Nh6 Kg7 27. c4 Qf6 28. Qe3 Qh4 0-1


[Site "https://www.chess.com"]

[Event "Titled Tuesday Blitz May 11 2021"]
[White "Tristan, Leonardo"]
[Black "Jobava, Baadur"]
[WhiteFideId "113816"]
[BlackFideId "13601520"]
[WhiteElo "2404"]
[BlackElo "2748"]
[Result "0-1"]
[Round "04"]
[TimeControl "180+1"]
[Date "2021.05.11"]
[WhiteClock "0:00:04"]
[BlackClock "0:00:43"]

1. d4 c6 2. Bf4 d5 3. e3 Nf6 4. Nf3 Bf5 5. c4 e6 6. Nc3 Be7 7. Qb3 Qc8 8. Rc1 O-O 9. cxd5 Nxd5 10. Bg3 Bg6 11. Be2 Nd7 12. O-O Re8 13. Nb5 N7f6 14. Nd6 Bxd6 15. Bxd6 Ne4 16. Be5 a5 17. a3 a4 18. Qd1 h6 19. h3 Qd8 20. Nd2 Nxd2 21. Qxd2 Qb6 22. Rfd1 Red8 23. Bf1 Rd7 24. f3 Qd8 25. Qf2 Kh7 26. e4 Ne7 27. Bf4 f6 28. Be2 Qe8 29. h4 Rad8 30. g4 h5 31. g5 Qf7 32. Be3 f5 33. Qg2 e5 34. dxe5 Qb3 35. Rd3 Rxd3 36. Bxd3 Rxd3 37. Bc5 Rxf3 38. Rc2 Rg3 0-1


[Site "https://www.chess.com"]

[Event "Titled Tuesday Blitz May 11 2021"]
[White "Tsydypov, Zhamsaran"]
[Black "Dardha, Daniel"]
[WhiteFideId "4108566"]
[BlackFideId "240990"]
[WhiteElo "2645"]
[BlackElo "2489"]
[Result "1-0"]
[Round "04"]
[TimeControl "180+1"]
[Date "2021.05.11"]
[WhiteClock "0:00:13"]
[BlackClock "0:00:01"]

1. e4 c5 2. Nf3 Nc6 3. Bb5 e5 4. O-O Bd6 5. c3 a6 6. Ba4 b5 7. Bc2 Nge7 8. d4 cxd4 9. cxd4 exd4 10. Nxd4 Nxd4 11. Qxd4 Qc7 12. Bb3 Bxh2+ 13. Kh1 O-O 14. f4 Bg3 15. Qe3 Bh4 16. Qh3 Bf2 17. f5 d5 18. Bg5 Bd4 19. Nd2 dxe4 20. Nxe4 Qe5 21. Ng3 Ng6 22. Rae1 Qc7 23. Nh5 Kh8 24. Qd3 Qc5 25. Rd1 Bxb2 26. Qd5 Qxd5 27. Bxd5 Ra7 28. fxg6 hxg6 29. Nf4 Bf6 30. Bxf6 gxf6 31. g3 Kg7 32. Kg2 Rc7 33. Rd2 Bg4 34. Rff2 Rfc8 35. Bb3 Re7 36. Rd6 Rc3 37. Nd5 Re5 38. Nxc3 1-0


[Site "https://www.chess.com"]

[Event "Titled Tuesday Blitz May 11 2021"]
[White "Vogel, Roven"]
[Black "Matlakov, Maxim"]
[WhiteFideId "12908088"]
[BlackFideId "4168003"]
[WhiteElo "2516"]
[BlackElo "2760"]
[Result "1-0"]
[Round "04"]
[TimeControl "180+1"]
[Date "2021.05.11"]
[WhiteClock "0:00:49"]
[BlackClock "0:00:01"]

1. d4 d5 2. c4 e6 3. Nc3 Bb4 4. cxd5 exd5 5. Bf4 c6 6. e3 Ne7 7. Nf3 Bf5 8. Bd3 Bxd3 9. Qxd3 Nd7 10. O-O Ng6 11. Bg3 O-O 12. a3 Be7 13. Rfc1 Nb6 14. Nd2 Bh4 15. b4 Bxg3 16. hxg3 Rc8 17. a4 a6 18. b5 axb5 19. axb5 c5 20. dxc5 Rxc5 21. Qd4 Qc7 22. Nb3 Rc4 23. Nxd5 Rxd4 24. Nxc7 Rb4 25. Na5 Rb8 26. Na6 bxa6 27. Nc6 axb5 28. Nxb4 Nc4 29. Ra7 Nge5 30. Rd1 h5 31. Rd5 Rc8 32. Rxb5 Ng4 33. Nd5 Rd8 34. Rc7 Nd6 35. Ne7+ Kf8 36. Rxh5 1-0


[Site "https://www.chess.com"]

[Event "Titled Tuesday Blitz May 11 2021"]
[White "Wagner, Dennis"]
[Black "Martinez Alcantara, Jose Eduardo"]
[WhiteFideId "24650684"]
[BlackFideId "3805662"]
[WhiteElo "2355"]
[BlackElo "2690"]
[Result "0-1"]
[Round "04"]
[TimeControl "180+1"]
[Date "2021.05.11"]
[WhiteClock "0:00:04"]
[BlackClock "0:00:14"]

1. e4 e5 2. Nf3 Nc6 3. Bb5 a6 4. Ba4 Nf6 5. d3 d6 6. c3 Bd7 7. O-O g6 8. h3 Bg7 9. Nbd2 O-O 10. Re1 b5 11. Bc2 Re8 12. a4 h6 13. b4 Qb8 14. Nb3 bxa4 15. Rxa4 Nd4 16. Nbxd4 exd4 17. Nxd4 c5 18. bxc5 dxc5 19. Nf3 Bxa4 20. Bxa4 Rd8 21. e5 Nd5 22. Bd2 Qc8 23. d4 cxd4 24. cxd4 Rb8 25. h4 Rb2 26. Ba5 Qg4 27. Nd2 Qxd4 28. Re4 Qd3 29. Bxd8 Rxd2 30. Qf3 Nc3 31. Re3 Qb1+ 32. Kh2 Nxa4 33. Qa8 Kh7 34. Bf6 Qf5 35. Rf3 Qe6 36. Bxg7 Kxg7 37. Qb8 Rd5 38. Qb4 Qxe5+ 39. g3 Nc5 40. Re3 Qd4 41. Qb6 Ne6 42. Qxa6 Rf5 43. Kg1 Qf6 44. Kg2 h5 45. Kh3 Nf4+ 46. gxf4 Qxa6 47. Rg3 Rxf4 48. Kh2 Rxf2+ 0-1


[Site "https://www.chess.com"]

[Event "Titled Tuesday Blitz May 11 2021"]
[White "Yuan, Qingyu"]
[Black "Zhigalko, Sergei"]
[WhiteFideId "8609772"]
[BlackFideId "13502956"]
[WhiteElo "2359"]
[BlackElo "2662"]
[Result "1-0"]
[Round "04"]
[TimeControl "180+1"]
[Date "2021.05.11"]
[WhiteClock "0:00:13"]
[BlackClock "0:00:03"]

1. e4 c5 2. Nf3 Nc6 3. Bb5 Nf6 4. Nc3 Qc7 5. Bxc6 dxc6 6. h3 e5 7. O-O Be7 8. d3 Nd7 9. Nh2 Bd6 10. Qg4 g6 11. Bh6 Nf8 12. Qh4 Be7 13. Qg3 Ne6 14. Ne2 g5 15. Ng4 Nf4 16. Qf3 Rg8 17. Ng3 Be6 18. Nf5 O-O-O 19. g3 Ng6 20. a3 Kb8 21. Rfb1 c4 22. dxc4 Bxc4 23. Rd1 Be6 24. b4 a6 25. Kg2 Rd7 26. Rxd7 Qxd7 27. Rd1 Qc7 28. Ng7 Bxg4 29. Qxg4 Bf8 30. Nf5 Bxh6 31. Nxh6 Rd8 32. Rxd8+ Qxd8 33. Nxf7 Qd2 34. Qxg5 Qxc2 35. Qd8+ Ka7 36. Nd6 Qb3 37. Qd7 1-0


[Site "https://www.chess.com"]

[Event "Titled Tuesday Blitz May 11 2021"]
[White "Anton Guijarro, David"]
[Black "Oparin, Grigoriy"]
[WhiteFideId "2285525"]
[BlackFideId "24125890"]
[WhiteElo "2629"]
[BlackElo "2628"]
[Result "0-1"]
[Round "05"]
[TimeControl "180+1"]
[Date "2021.05.11"]
[WhiteClock "0:00:12"]
[BlackClock "0:00:10"]

1. c4 Nf6 2. Nf3 e6 3. g3 d5 4. Bg2 dxc4 5. Qa4+ c6 6. Qxc4 b5 7. Qc2 Bb7 8. O-O Nbd7 9. a4 a6 10. d3 Be7 11. e4 O-O 12. Rd1 Rc8 13. Nc3 b4 14. Nb1 c5 15. Nbd2 Nb8 16. Nc4 Nc6 17. Qe2 a5 18. b3 Ba6 19. Bb2 Nd4 20. Nxd4 cxd4 21. e5 Nd5 22. Bxd4 Nc3 23. Bxc3 bxc3 24. Rac1 Bb4 25. Qe3 Qc7 26. Be4 Rfd8 27. Kg2 g6 28. f4 Bc5 29. Qf3 Bd4 30. Rc2 Rb8 31. Rb1 Qc5 32. Nd6 Qa3 33. Nb7 Bxb7 34. Bxb7 h5 35. Qc6 Qe7 36. Ba6 Rb6 37. Qc4 Qa7 38. Bb5 Qb7+ 39. Kh3 Kg7 40. Rf1 h4 41. g4 Qe7 42. f5 Qg5 43. Re2 Kh6 44. fxe6 Rxe6 45. Qc7 Qe7 46. Qxe7 Rxe7 47. Bc4 Kg7 48. Re4 Rdd7 49. Rc1 Rxe5 50. Rxe5 Bxe5 51. Kg2 Bd4 52. Kf3 Re7 53. h3 Re3+ 54. Kg2 Re2+ 55. Kf3 Re3+ 56. Kf4 f6 57. g5 f5 58. b4 axb4 59. a5 Rxh3 60. a6 Rg3 61. Re1 Rg4+ 62. Kf3 Rxg5 63. Re7+ Kh6 64. a7 Bxa7 65. Rxa7 Rg1 66. Ra2 h3 67. Rh2 Kg5 68. Rxh3 c2 0-1


[Site "https://www.chess.com"]

[Event "Titled Tuesday Blitz May 11 2021"]
[White "Chigaev, Maksim"]
[Black "Mikhalevski, Victor"]
[WhiteFideId "4108116"]
[BlackFideId "2801914"]
[WhiteElo "2646"]
[BlackElo "2567"]
[Result "1-0"]
[Round "05"]
[TimeControl "180+1"]
[Date "2021.05.11"]
[WhiteClock "0:01:13"]
[BlackClock "0:00:44"]

1. c4 Nf6 2. Nc3 d5 3. cxd5 Nxd5 4. g3 g6 5. Bg2 Nxc3 6. bxc3 Bg7 7. Rb1 Nc6 8. h4 h5 9. Nf3 O-O 10. O-O Qd7 11. d4 b6 12. e4 Na5 13. Re1 c5 14. Bf4 cxd4 15. cxd4 Rd8 16. d5 e6 17. d6 Bb7 18. e5 Rdc8 19. Ng5 Rc5 20. Bxb7 Qxb7 21. Ne4 Rd5 22. Qf3 Nc6 23. Rbd1 Rd8 24. Rxd5 exd5 25. Ng5 Nd4 26. Qd3 Nf5 27. e6 fxe6 28. Rxe6 Rc8 29. Rxg6 d4 30. Qxf5 1-0


[Site "https://www.chess.com"]

[Event "Titled Tuesday Blitz May 11 2021"]
[White "Demchenko, Anton"]
[Black "Acor, Corey"]
[WhiteFideId "4160258"]
[BlackFideId "2024861"]
[WhiteElo "2593"]
[BlackElo "2806"]
[Result "1/2-1/2"]
[Round "05"]
[TimeControl "180+1"]
[Date "2021.05.11"]
[WhiteClock "0:00:13"]
[BlackClock "0:00:06"]

1. e4 e5 2. Nf3 Nc6 3. Bc4 Bc5 4. d3 Nf6 5. Bg5 h6 6. Bh4 d6 7. c3 Bb6 8. Nbd2 Be6 9. a4 O-O 10. b4 a6 11. O-O a5 12. b5 Nb8 13. Re1 Nbd7 14. d4 g5 15. Bg3 Bg4 16. Qc2 Qe7 17. Bd3 Nh5 18. Be2 Nf4 19. Bxf4 exf4 20. Nc4 Rae8 21. Nfd2 Bxe2 22. Rxe2 f5 23. Rae1 Qf7 24. exf5 Rxe2 25. Rxe2 Qxf5 26. Qxf5 Rxf5 27. Nb3 f3 28. Re7 Nf6 29. Ne3 Rf4 30. Nd2 fxg2 31. Nxg2 Nd5 32. Nxf4 Nxe7 33. Ne2 Kf7 34. Kg2 d5 35. Nc1 c6 36. bxc6 bxc6 37. Nd3 Ke6 38. Nb3 Ng6 39. Kf3 Kf5 40. Ke3 Nh4 41. f3 Ng2+ 42. Kf2 Nf4 43. Nxf4 Kxf4 44. Nc1 Bc7 45. Nd3+ Kf5 46. h3 Bd6 47. Ke3 h5 48. Ke2 Be7 49. Kf2 Bd6 50. Nc1 Bb8 51. Nb3 Bc7 52. Nc5 Bd6 53. Nb3 Bc7 54. Na1 Bd6 55. Nc2 Kf4 56. Ne3 Ba3 57. Ng2+ Kf5 58. Ke2 Bb2 59. Kd3 Ba1 60. c4 Bb2 61. cxd5 cxd5 62. Ke3 Bc1+ 63. Ke2 g4 64. fxg4+ hxg4 65. hxg4+ Kxg4 66. Ne1 Kf5 67. Kd3 Bb2 68. Ng2 Ke6 69. Nf4+ Kd6 70. Ne2 Ba3 71. Nc3 Bb4 72. Nb5+ Kc6 73. Ke3 Kd7 74. Kf4 Ke6 75. Nc7+ Kd6 76. Nb5+ Ke6 77. Kg4 Bd2 78. Kf3 Bb4 79. Ke3 Kd7 80. Kf4 Ke6 1/2-1/2


[Site "https://www.chess.com"]

[Event "Titled Tuesday Blitz May 11 2021"]
[White "Goltsev, Dmitry"]
[Black "Tsydypov, Zhamsaran"]
[WhiteFideId "24176710"]
[BlackFideId "4108566"]
[WhiteElo "2366"]
[BlackElo "2645"]
[Result "0-1"]
[Round "05"]
[TimeControl "180+1"]
[Date "2021.05.11"]
[WhiteClock "0:00:04"]
[BlackClock "0:01:14"]

1. e4 c5 2. Nf3 d6 3. d4 cxd4 4. Nxd4 Nf6 5. Nc3 a6 6. Be2 e6 7. O-O Be7 8. Be3 O-O 9. Qd2 b5 10. Bf3 b4 11. Nce2 e5 12. Nb3 a5 13. Ng3 Nc6 14. Rfd1 a4 15. Nc1 Be6 16. a3 bxa3 17. Rxa3 Qb8 18. c3 Rd8 19. Nf5 Bxf5 20. exf5 d5 21. Ra2 Qc8 22. g4 e4 23. Be2 h5 24. g5 Ng4 25. Bxg4 hxg4 26. Bb6 Ne5 27. Qf4 Nf3+ 28. Kh1 Bxg5 29. Qxg4 Rd6 30. Be3 Rh6 31. h3 Rh4 32. Qg3 Qxf5 33. Kg2 Bxe3 34. fxe3 Rh5 35. Qf4 Qxh3+ 36. Kf2 Rf5 37. Qc7 Ne5+ 38. Ke1 Qxe3+ 39. Ne2 Nf3+ 40. Kf1 Nd4+ 0-1


[Site "https://www.chess.com"]

[Event "Titled Tuesday Blitz May 11 2021"]
[White "Jobava, Baadur"]
[Black "Vogel, Roven"]
[WhiteFideId "13601520"]
[BlackFideId "12908088"]
[WhiteElo "2748"]
[BlackElo "2516"]
[Result "1-0"]
[Round "05"]
[TimeControl "180+1"]
[Date "2021.05.11"]
[WhiteClock "0:00:16"]
[BlackClock "0:00:10"]

1. d4 d5 2. Nc3 Nf6 3. Bf4 c5 4. e3 cxd4 5. exd4 a6 6. Bd3 Nc6 7. Nge2 g6 8. f3 Nh5 9. Be3 e5 10. dxe5 Nxe5 11. O-O Bg7 12. Qd2 O-O 13. Bd4 Nc4 14. Bxc4 dxc4 15. Rfd1 Be6 16. a4 Qh4 17. Bxg7 Nxg7 18. a5 Rfd8 19. Qf4 Qe7 20. Ne4 Bf5 21. N2c3 Bxe4 22. Nxe4 Nh5 23. Qe3 f5 24. Qc5 Kf8 25. Qxe7+ Kxe7 26. Nc5 Rac8 27. Nxb7 Rxd1+ 28. Rxd1 Rb8 29. Nc5 Rxb2 30. Nxa6 Rxc2 31. Nb4 Rb2 32. Nc6+ Kf6 33. a6 c3 34. a7 Ra2 35. g3 Ke6 36. Rc1 Nf6 37. Rxc3 Nd5 38. Rb3 Kd6 39. Rb8 Nc7 40. Nd4 Rxa7 41. Rd8+ Kc5 42. Rd7 Ra1+ 43. Kg2 Ra2+ 44. Kh3 Nd5 45. Ne6+ Kc6 46. Rxh7 Kd6 47. Nf8 Ne7 48. Nxg6 Nxg6 49. Rh6 Rf2 50. Rxg6+ Ke7 51. f4 Kf7 52. Rg5 Kf6 53. Rg8 Kf7 54. Ra8 Kg6 55. Ra6+ Kg7 56. Rb6 Kh7 57. Kh4 Rxh2+ 58. Kg5 Rh3 59. Rb3 1-0


[Site "https://www.chess.com"]

[Event "Titled Tuesday Blitz May 11 2021"]
[White "Kamsky, Gata"]
[Black "Nakamura, Hikaru"]
[WhiteFideId "2000024"]
[BlackFideId "2016192"]
[WhiteElo "2644"]
[BlackElo "2900"]
[Result "1/2-1/2"]
[Round "05"]
[TimeControl "180+1"]
[Date "2021.05.11"]
[WhiteClock "0:00:17"]
[BlackClock "0:00:58"]

1. d4 Nf6 2. Nf3 d5 3. Bf4 Bf5 4. c4 e6 5. Nc3 dxc4 6. e3 a6 7. a4 Nd5 8. Bxc4 Nxf4 9. exf4 Nd7 10. O-O Bb4 11. Qb3 a5 12. Na2 Bd6 13. Ne5 Nb6 14. Bb5+ c6 15. Be2 O-O 16. Rfd1 Nd5 17. g3 Qe7 18. Rac1 Rad8 19. Nc3 Nb4 20. Na2 Nxa2 21. Qxa2 Be4 22. Qb3 Bb4 23. Qe3 Bd5 24. Bd3 f6 25. Nc4 Rfe8 26. Be4 Qf7 27. Nb6 Qc7 28. Nxd5 exd5 29. Bxd5+ Kf8 30. Be6 g6 31. f5 Kg7 32. d5 1/2-1/2


[Site "https://www.chess.com"]

[Event "Titled Tuesday Blitz May 11 2021"]
[White "Keymer, Vincent"]
[Black "Yang, Kaiqi"]
[WhiteFideId "12940690"]
[BlackFideId "8604398"]
[WhiteElo "2474"]
[BlackElo "2373"]
[Result "1-0"]
[Round "05"]
[TimeControl "180+1"]
[Date "2021.05.11"]
[WhiteClock "0:00:19"]
[BlackClock "0:00:02"]

1. Nf3 d5 2. c4 c6 3. e3 Nf6 4. Nc3 e6 5. b3 Nbd7 6. Bb2 Bd6 7. Qc2 a6 8. d4 O-O 9. Bd3 b5 10. O-O Re8 11. a4 b4 12. Ne2 dxc4 13. Bxc4 c5 14. Rfd1 Qe7 15. e4 cxd4 16. Bxd4 e5 17. Bb2 Nb6 18. Bxf7+ Kxf7 19. a5 Bb7 20. Ng3 Rac8 21. Qd3 Nbd5 22. exd5 Bxd5 23. Ng5+ Kg8 24. Nxh7 Rc5 25. Nf5 Qe6 26. Nxf6+ Qxf6 27. Ne3 e4 28. Bxf6 exd3 29. Rxd3 gxf6 30. Nxd5 Be5 31. Rad1 Rec8 32. f4 Bb2 33. Ne7+ Kf7 34. Nxc8 Rxc8 35. Rd7+ Kg6 36. R7d6 Rc2 37. Rxa6 Bc3 38. Rad6 Rb2 39. a6 Rxb3 40. a7 Ra3 41. Rd7 b3 42. g4 b2 43. Kg2 Ra1 44. h4 f5 45. h5+ Kh6 46. R1d6+ 1-0


[Site "https://www.chess.com"]

[Event "Titled Tuesday Blitz May 11 2021"]
[White "Koridze, Lile"]
[Black "dropstoneDP"]
[WhiteFideId "13612514"]
[WhiteElo "1978"]
[BlackElo "2896"]
[Result "0-1"]
[Round "05"]
[TimeControl "180+1"]
[Date "2021.05.11"]
[WhiteClock "0:00:12"]
[BlackClock "0:01:32"]

1. d4 Nf6 2. c4 b6 3. Nc3 Bb7 4. e3 e6 5. Nf3 Bb4 6. Bd3 O-O 7. O-O c5 8. a3 Bxc3 9. bxc3 Be4 10. Bxe4 Nxe4 11. Qd3 f5 12. d5 Qf6 13. Bb2 e5 14. Rad1 d6 15. Nd2 Nxd2 16. Qxd2 Nd7 17. Qe2 Rae8 18. f3 h6 19. e4 f4 20. Kh1 g5 21. Ra1 Kf7 22. a4 a5 23. Ba3 h5 24. Qc2 Rh8 25. Qb3 g4 26. Qb5 Ke7 27. Kg1 Reg8 28. Qb2 Rg6 29. Kh1 Rhg8 30. Rg1 Qg5 31. Qe2 gxf3 32. Qxf3 Qh4 33. Rab1 Rg3 34. Qf2 R8g4 35. Rb2 Qxh2+ 0-1


[Site "https://www.chess.com"]

[Event "Titled Tuesday Blitz May 11 2021"]
[White "Le, Tuan Minh"]
[Black "Idani, Pouya"]
[WhiteFideId "12401153"]
[BlackFideId "12510130"]
[WhiteElo "2450"]
[BlackElo "2610"]
[Result "1-0"]
[Round "05"]
[TimeControl "180+1"]
[Date "2021.05.11"]
[WhiteClock "0:00:09"]
[BlackClock "0:00:03"]

1. d4 Nf6 2. Nf3 d5 3. Bf4 c5 4. c3 Nc6 5. e3 Qb6 6. Qc2 g6 7. Nbd2 Bf5 8. dxc5 Bxc2 9. cxb6 axb6 10. Nd4 Nxd4 11. exd4 Ba4 12. Bd3 Bg7 13. O-O e6 14. Rfe1 O-O 15. Nf3 Nd7 16. h4 h5 17. Re2 Ra5 18. Rd2 Rc8 19. Re1 Bc6 20. a3 b5 21. Ng5 Raa8 22. Rde2 Nf8 23. f3 Bd7 24. Nh3 Bf6 25. Bg5 Nh7 26. Bxf6 Nxf6 27. Kf2 Kg7 28. Nf4 Rh8 29. Re5 Ne8 30. Rh1 Nd6 31. Ree1 Nc4 32. Bxc4 bxc4 33. g4 hxg4 34. fxg4 Ra6 35. Kg3 Rb6 36. Re2 f6 37. Rhe1 Re8 38. Rf2 Rd6 39. g5 fxg5 40. hxg5 Rf8 41. Nh3 Rxf2 42. Nxf2 Rb6 43. Re2 e5 44. Rxe5 Bf5 45. Re2 Kf7 46. Kf4 Rc6 47. Nh1 Bd3 48. Rh2 Ke6 49. Nf2 Bf5 50. Nd1 Rc7 51. Ne3 Be4 52. Ng4 Rc6 53. Nf6 Bd3 54. Ng4 Rb6 55. Ne5 Bf5 56. Re2 Kd6 57. Nf7+ Kd7 58. Ne5+ Kd6 59. Ke3 Ra6 60. Kd2 Ra8 61. Rh2 Rf8 62. Rh7 Be4 63. Rf7 Rxf7 64. Nxf7+ Ke7 65. Nh6 Ke6 66. Ke3 Bc2 67. Kf4 Bd1 68. Ng8 Bc2 69. Nf6 b5 70. Ne8 Kd7 71. Nf6+ Ke6 72. Ng4 Bf5 73. Ne5 Bd3 74. Nc6 Bc2 75. Na7 Ba4 76. Kg4 Kd7 77. Kf4 Ke6 78. Nc6 Kd6 79. Nd8 Bc2 80. Nf7+ Ke6 81. Ne5 Bf5 82. Nc6 Bc2 83. Nb4 Bf5 84. Na6 Kd6 85. Nc5 Bc2 86. Nb7+ Kc7 87. Nc5 Kd6 88. Kf3 Bf5 89. Kg3 Bc2 90. Kf4 Bd1 91. Nb7+ Kc7 92. Nc5 Kd6 93. a4 bxa4 94. Ke3 Bb3 95. Kd2 Ke7 96. Kc1 Kd6 97. Kd2 Ke7 98. Ke3 Kd6 99. Ke2 Ke7 100. Kf3 Kd6 101. Kf4 Bc2 102. Na6 Bb3 103. Nb4 Bd1 104. Na2 Bc2 105. Nc1 Ke6 106. Ne2 Bd3 107. Ng1 Be4 108. Nh3 Bf5 109. Nf2 Kd6 110. Nd1 Ke6 111. Ne3 Bb1 112. Kg4 Bf5+ 113. Nxf5 1-0


[Site "https://www.chess.com"]